AoeStats
← old f1sh

Fortress

509663183Analyzed
4v4 RM · 4d ago on Sep 27, 2026· 57m 57s· 8 players
Game mode
Random Map
Map size
Huge
Population
200
Speed
Normal
Resources
Standard
Victory
Conquest
Starting age
Dark Age
Ending age
Imperial Age
RankedLock teamsTeams togetherTeam positionsShared explorationLock speedFull tech treeHidden civsTurbo modeCheats
Victory
Defeat
🇩🇪 Saracens · Germany
1467
+14
🇩🇪 Mongols · Germany
1399
+17
🇲🇽 Maya · Mexico
1394
+17
🇺🇸 Vietnamese · United States
1348
+20
🇨🇳 Bengalis · China
1484
-19
🇨🇳 Varangians · China
1421
-17
🇮🇳 Poles · India
1416
-17
1373
-15
whitewidow52
7:53 Feudal Age
11:45 Castle Age
9:40 Double-Bit Axe
9:52 Horse Collar
11:05 Loom
12:02 Wheelbarrow
12:53 Bow Saw
13:08 Heavy Plow
18:39 Hand Cart
18:10 Loom
24:44 Gold Mining
27:42 Imperial Age
25:55 Fletching
26:28 Padded Archer Armor
26:50 Bodkin Arrow
26:48 Stone Mining
28:27 Bracer
28:43 Leather Archer Armor
28:51 Ballistics
29:32 Chemistry
29:57 Masonry
31:12 Pikeman
31:53 Squires
31:39 Arson
31:57 Scale Mail Armor
32:07 Forging
32:12 Halberdier
33:14 Chain Mail Armor
38:29 Plate Mail Armor
38:34 Iron Casting
42:16 Plate Mail Armor
42:22 Iron Casting
43:35 Caravan
46:06 Cavalier
46:10 Light Cavalry
47:01 Bloodlines
46:52 Husbandry
48:28 Scale Barding Armor
49:07 Paper Money
48:49 Chatras
49:01 Elite Battle Elephant
50:04 Chain Barding Armor
52:17 Plate Barding Armor
57:20 Paper Money
57:54 Chatras
Erg_Raider
7:31 Feudal Age
11:15 Castle Age
9:18 Double-Bit Axe
9:15 Horse Collar
12:08 Heavy Plow
13:09 Bow Saw
14:35 Loom
17:17 Wheelbarrow
18:19 Gold Mining
18:39 Stone Mining
20:12 Hand Cart
23:11 Gold Shaft Mining
26:55 Imperial Age
24:33 Scale Barding Armor
25:37 Chain Barding Armor
25:27 Forging
27:17 Husbandry
27:27 Bloodlines
28:29 Plate Barding Armor
27:15 Elite Mameluke
28:56 Iron Casting
29:22 Two-Man Saw
28:15 Light Cavalry
29:25 Town Watch
29:32 Fletching
31:42 Chemistry
31:03 Ballistics
31:19 Conscription
31:22 Hussar
34:15 Blast Furnace
33:11 Bodkin Arrow
39:21 Caravan
41:42 Coinage
41:30 Bracer
42:10 Padded Archer Armor
44:56 Leather Archer Armor
44:47 Siege Engineers
44:53 Masonry
48:11 Town Patrol
48:42 Ring Archer Armor
55:57 Heavy Camel Rider
58:36 Fortified Wall
Seifer
5:27 Feudal Age
7:31 Double-Bit Axe
11:41 Castle Age
9:26 Horse Collar
12:03 Wheelbarrow
12:32 Bow Saw
12:33 Heavy Plow
13:47 Loom
15:11 Wheelbarrow
16:06 Town Watch
18:08 Gold Mining
19:50 Hand Cart
24:49 Imperial Age
22:18 Fletching
22:38 Stone Mining
24:02 Stone Shaft Mining
24:25 Ballistics
24:05 Bodkin Arrow
24:10 Padded Archer Armor
24:32 Treadmill Crane
25:48 Leather Archer Armor
26:05 Conscription
26:50 Two-Man Saw
26:55 Chemistry
25:57 Bracer
26:28 Elite Plumed Archer
27:48 Leather Archer Armor
29:44 Guilds
29:47 Murder Holes
31:56 Masonry
32:24 Hoardings
31:59 Thumb Ring
31:50 Elite Skirmisher
33:22 Architecture
33:42 Murder Holes
38:20 Ring Archer Armor
39:09 Scale Mail Armor
39:20 Forging
39:28 Pikeman
40:08 Squires
39:54 Arson
40:29 Halberdier
41:28 Chain Mail Armor
41:48 Iron Casting
42:18 Caravan
43:05 Plate Mail Armor
45:01 Blast Furnace
43:40 Imperial Skirmisher
45:57 Fortified Wall
Tsunade
7:00 Feudal Age
8:20 Double-Bit Axe
11:08 Castle Age
9:14 Horse Collar
12:14 Bow Saw
16:58 Wheelbarrow
17:04 Loom
17:05 Town Watch
19:20 Hand Cart
19:51 Gold Mining
20:39 Stone Mining
22:40 Gold Shaft Mining
25:04 Imperial Age
23:36 Fletching
24:19 Bodkin Arrow
24:25 Padded Archer Armor
27:07 Chemistry
26:08 Bracer
26:31 Conscription
26:29 Elite Mangudai
27:40 Leather Archer Armor
27:52 Parthian Tactics
28:34 Hoardings
29:09 Town Patrol
30:37 Ballistics
30:47 Thumb Ring
30:14 Capped Ram
31:22 Bloodlines
31:12 Husbandry
31:24 Siege Ram
32:39 Coinage
32:33 Drill
32:14 Nomads
34:23 Banking
38:57 Masonry
40:43 Caravan
45:54 Murder Holes
46:05 Siege Engineers
53:45 Fortified Wall
54:33 Stone Shaft Mining
NUR
7:36 Feudal Age
9:10 Loom
11:42 Castle Age
9:44 Double-Bit Axe
10:13 Horse Collar
12:09 Wheelbarrow
12:22 Heavy Plow
12:49 Bow Saw
20:27 Szlachta Privileges
21:20 Bloodlines
20:31 Light Cavalry
21:02 Loom
21:04 Town Watch
21:57 Husbandry
23:47 Forging
24:30 Scale Barding Armor
24:52 Gold Mining
27:05 Iron Casting
29:57 Imperial Age
28:56 Hand Cart
29:20 Stone Mining
30:03 Cavalier
31:32 Crop Rotation
30:33 Capped Ram
32:36 Blast Furnace
31:57 Chain Barding Armor
32:59 Conscription
36:17 Coinage
36:18 Fletching
36:32 Town Patrol
36:48 Masonry
37:40 Chemistry
37:18 Winged Hussar
37:34 Elite Obuch
38:35 Lechitic Legacy
38:42 Lechitic Legacy
38:57 Hoardings
38:47 Siege Engineers
39:05 Ballistics
39:45 Chemistry
38:51 Siege Engineers
38:26 Treadmill Crane
38:41 Murder Holes
39:40 Banking
41:33 Caravan
涅槃重生
7:01 Feudal Age
10:56 Castle Age
9:27 Double-Bit Axe
11:35 Horse Collar
17:03 Bow Saw
21:21 Loom
22:14 Wheelbarrow
22:20 Heavy Plow
27:19 Imperial Age
25:23 Hand Cart
24:55 Town Watch
25:24 Gold Mining
25:24 Stone Mining
26:20 Forging
26:16 Scale Barding Armor
26:36 Caravan
27:07 Coinage
28:11 Iron Casting
27:50 Bloodlines
27:40 Husbandry
29:06 Chain Barding Armor
29:01 Elite Jarl
30:02 Conscription
30:39 Stone Shaft Mining
31:21 Blast Furnace
30:57 Plate Barding Armor
30:31 Capped Ram
31:52 Siege Ram
33:04 Vendel Legacy
35:52 Arson
36:07 Squires
35:53 Gambesons
35:29 Elite Varangian Guard
37:06 Banking
37:37 Gothikon
39:54 Scale Mail Armor
41:05 Chemistry
40:17 Fortified Wall
42:54 Guilds
46:15 Chain Mail Armor
48:16 Plate Mail Armor
49:54 Fletching
50:04 Padded Archer Armor
52:44 Onager
55:15 Siege Engineers
55:56 Ballistics
V我50%匡扶汉室
8:28 Feudal Age
9:25 Double-Bit Axe
9:36 Horse Collar
12:09 Castle Age
11:59 Loom
13:55 Bow Saw
14:21 Heavy Plow
17:48 Wheelbarrow
18:07 Gold Mining
23:09 Stone Mining
24:48 Hand Cart
27:42 Imperial Age
27:42 Bloodlines
27:32 Husbandry
28:08 Elite Jarl
29:09 Conscription
28:12 Gothikon
29:01 Scale Mail Armor
29:12 Forging
29:08 Scale Barding Armor
29:09 Scale Mail Armor
29:19 Forging
29:45 Squires
29:30 Gambesons
29:31 Arson
30:24 Chain Barding Armor
31:23 Crop Rotation
31:51 Elite Varangian Guard
33:02 Caravan
36:01 Two-Man Saw
35:49 Chain Mail Armor
37:31 Plate Barding Armor
37:32 Iron Casting
37:31 Plate Mail Armor
41:31 Iron Casting
old f1sh
6:59 Feudal Age
10:49 Castle Age
9:17 Double-Bit Axe
9:12 Horse Collar
12:23 Bow Saw
12:46 Heavy Plow
16:08 Loom
18:31 Wheelbarrow
19:37 Hand Cart
21:16 Gold Mining
22:43 Gold Shaft Mining
25:13 Imperial Age
22:44 Stone Mining
22:59 Town Watch
24:18 Ballistics
23:59 Padded Archer Armor
23:50 Fletching
25:15 Bodkin Arrow
26:06 Leather Archer Armor
27:04 Two-Man Saw
26:35 Crop Rotation
26:08 Bracer
27:10 Chemistry
25:37 Elite Elephant Archer
27:02 Paiks
29:50 Guilds
29:49 Caravan
30:19 Coinage
29:57 Siege Elephant
31:09 Fortified Wall
31:10 Masonry
35:13 Banking
38:54 Siege Engineers
39:19 Architecture
42:59 Mahayana
43:00 Conscription
45:14 Ring Archer Armor
46:31 Crossbowman
47:13 Arbalester
47:57 Murder Holes
47:47 Arrowslits
47:54 Guard Tower
49:12 Husbandry
49:24 Bloodlines
50:24 Elite Skirmisher
51:30 Pikeman
52:10 Squires
51:55 Arson
53:50 Keep
54:27 Halberdier
55:40 Gambesons
56:29 Scale Barding Armor
56:35 Forging
56:29 Scale Mail Armor
Connection lost

Rejoining the realm…

Still unreachable

The connection could not be restored.

Session expired

The server has moved on; the page needs a fresh start.